 Dungeon Crawl Stone Soup version 0.28.0-53-g5a82cb258f (webtiles) character file.

Game seed: 9293836567531894397

4 H0rd4k the Charlatan (level 1, 0/15 HPs)
             Began as a Human Artificer on May 30, 2022.
             Frozen to death by an endoplasm (3 damage)
             ... on level 1 of the Dungeon.
             The game lasted 00:00:12 (146 turns).

H0rd4k the Charlatan (Human Artificer)               Turns: 146, Time: 00:00:12

Health: 0/15       AC:  3    Str: 12    XL:     1   Next: 77%
Magic:  1/1        EV: 11    Int: 11    God:
Gold:   7          SH:  0    Dex: 13    Spells: 0/0 levels left

rFire   . . .      SeeInvis .   a - +0 club
rCold   . . .      Faith    .   (no shield)
rNeg    . . .      Spirit   .   b - +0 leather armour
rPois   .          Reflect  .   (no helmet)
rElec   .          Harm     .   (no cloak)
rCorr   .          Rampage  .   (no gloves)
Will    .....                   (no boots)
Stlth   +.........              (no amulet)
HPRegen 0.05/turn               (no ring)
MPRegen 0.07/turn               (no ring)

@: no status effects
A: no striking features
a: no special abilities


You were on level 1 of the Dungeon.
You visited 1 branch of the dungeon, and saw 1 of its levels.

You collected 7 gold pieces.

Inventory:

Hand Weapons
 a - a +0 club (weapon)
Armour
 b - a +0 leather armour (worn)
Jewellery
 f - a ring of resist corrosion
Wands
 c - a wand of flame (15) (quivered)
 d - a wand of charming (15)
Miscellaneous
 e - a piece from Xom's chessboard (15/15)


   Skills:
 + Level 1.0 Fighting
 + Level 2.2 Armour
 + Level 1.0 Dodging
 + Level 1.0 Stealth
 + Level 3.1 Evocations


You couldn't memorise any spells.
You didn't know any spells.
Your spell library was empty.

Dungeon Overview and Level Annotations

Branches:
Dungeon (1/15)

Altars:


Message History

You completely miss the kobold.
The kobold hits you with a +0 short sword.
You hit the kobold but do no damage.
A kobold comes into view. It is wielding a +0 whip.
The giant cockroach waves its antennae.
The kobold hits you with a +0 short sword.
The kobold shouts!
You hit the kobold but do no damage.
The kobold hits you with a +0 short sword.
The kobold closely misses you.
You hit the kobold but do no damage.
The kobold hits you with a +0 short sword.
You hit the kobold.
You kill the kobold!
The bat hits you but does no damage.
You hit the giant cockroach but do no damage.
The bat barely misses you. The giant cockroach closely misses you.
The giant cockroach bites you but does no damage.
You hit the giant cockroach but do no damage.
The bat closely misses you. The giant cockroach bites you.
You hit the giant cockroach.
The giant cockroach is heavily wounded.
The bat completely misses you.
The giant cockroach bites you but does no damage.
The giant cockroach closely misses you.
You hit the giant cockroach but do no damage.
The giant cockroach is heavily wounded.
The bat hits you but does no damage. The giant cockroach closely misses you.
You hit the giant cockroach.
You kill the giant cockroach!
The bat hits you. x2
* * * LOW HITPOINT WARNING * * *
The endoplasm hits you.
* * * LOW HITPOINT WARNING * * *
You hit the endoplasm.
The endoplasm is heavily wounded.
The bat hits you but does no damage. The endoplasm freezes you.
You are frozen.
You die...

#.#.#.#.#....#
#.#.'.#.#.####
..#.#.#.#.#
###.#.#.#.#
....#.#.#.#
+####.#.#.#
......#.#.#
#######
#######.#.#
####......#
........#.#
#..@.#
#########.#
#..bJ#
#########.##
#..##SJ..#
###........###..#
(K..(
....###.........#
...:# #####
##...####.##
...## ##
##......... $#..
.# #.######..#
##.. .# #.# ....


You could see 2 endoplasms, a bat, a ball python and a kobold.

Vanquished Creatures
  2 ball pythons (D:1)
  A giant cockroach (D:1)
  A bat (D:1)
  A kobold (D:1)
5 creatures vanquished.

Notes
Turn   | Place    | Note
-------+----------+-------------------------------------------
     0 | D:1      | H0rd4k the Human Artificer began the quest for the Orb.
     0 | D:1      | Reached XP level 1. HP: 15/15 MP: 1/1
   146 | D:1      | Frozen to death by an endoplasm

Illustrated notes

Levels and vault maps discovered:
D:1:      zelgadis_glass_arrival_large, layout_loops_corners, serial_shops,
          shop, minmay_hexomino_c4

Action                   || total
-------------------------++-------
Melee: Club              ||    16
Armor: Leather armour    ||     7
Dodge: Dodged            ||    14
